 Dungeon Crawl Stone Soup version 0.28.0 (webtiles) character file.

Game seed: 7023908672237088680

2270 pkoi the Carver (level 9, -5/68 HPs)
             Began as a Minotaur Gladiator on Feb 10, 2022.
             Killed from afar by a gargoyle (23 damage)
             ... with a stone arrow
             ... on level 7 of the Dungeon.
             The game lasted 00:07:07 (6792 turns).

pkoi the Carver (Minotaur Gladiator)                Turns: 6792, Time: 00:07:07

Health: -5/68      AC: 10    Str: 23    XL:     9   Next: 16%
Magic:  8/8        EV:  7    Int:  5    God:
Gold:   360        SH:  0    Dex: 12    Spells: 8/8 levels left

rFire   . . .      SeeInvis .   a - +0 long sword (flame)
rCold   . . .      Faith    .   (no shield)
rNeg    . . .      Spirit   .   f - +0 plate armour
rPois   .          Reflect  .   c - +0 hat
rElec   .          Harm     .   (no cloak)
rCorr   .          Rampage  .   (no gloves)
Will    .....                   (no boots)
Stlth   ..........              (no amulet)
HPRegen 0.21/turn               (no ring)
MPRegen 0.11/turn               (no ring)

@: silenced
A: horns 2, retaliatory headbutt
a: no special abilities


You were on level 7 of the Dungeon.
You visited 1 branch of the dungeon, and saw 7 of its levels.

You collected 360 gold pieces.

Inventory:

Hand Weapons
 a - a +0 long sword of flaming (weapon)
 x - the +7 sceptre of Torment {pain, torment}
   (You took it off an orc on level 6 of the Dungeon)

   In the hands of one skilled in necromantic magic, it inflicts extra damage on
   living creatures.
   It occasionally torments all nearby living foes when it strikes in combat.
Missiles
 d - 3 throwing nets (quivered)
Armour
 b - a +0 leather armour
 c - a +0 hat (worn)
 e - a +0 chain mail
 f - a +0 plate armour (worn)
Jewellery
 l - a ring of magical power
Wands
 s - a wand of flame (17)
 t - a wand of polymorph (1)
Scrolls
 g - a scroll of vulnerability
 k - 3 scrolls of teleportation
 q - 3 scrolls of fog
 w - a scroll of identify {unknown}
Potions
 h - a potion of resistance {unknown}
 i - a potion of ambrosia {unknown}
 j - a potion of degeneration {unknown}
 m - 2 potions of curing {unknown}
 n - a potion of invisibility
 o - a potion of magic {unknown}
 p - a potion of berserk rage {unknown}
 u - a potion of heal wounds {unknown}


   Skills:
 - Level 2.4 Fighting
 * Level 14.7 Long Blades
 - Level 2.0 Throwing
 - Level 3.2 Dodging


You had 8 spell levels left.
You didn't know any spells.
Your spell library contained the following spells:

 Spells                   Type           Power      Damage    Failure   Level
 Foxfire                  Conj/Fire      0%         2x1d4     100%        1
 Summon Small Mammal      Summ           0%         N/A       100%        1
 Call Canine Familiar     Summ           0%         N/A       100%        3
 Conjure Flame            Conj/Fire      0%         6-21      100%        3
 Frozen Ramparts          Ice            0%         1d2       100%        3
 Inner Flame              Hex/Fire       0%         N/A       100%        3
 Summon Guardian Golem    Hex/Summ       0%         N/A       100%        3
 Flame Wave               Conj/Fire      0%         2d4       100%        4
 Ice Form                 Ice/Tmut       0%         N/A       100%        4
 Petrify                  Tmut/Erth      0%         N/A       100%        4
 Summon Ice Beast         Ice/Summ       0%         N/A       100%        4
 Metabolic Englaciation   Hex/Ice        0%         N/A       100%        5
 Statue Form              Tmut/Erth      0%         N/A       100%        6


Dungeon Overview and Level Annotations

Branches:
Dungeon (7/15)             Temple (0/1) D:6

Altars:
Elyvilon
Kikubaaqudgha
Uskayaw


Innate Abilities, Weirdness & Mutations

You have a pair of horns on your head.
You reflexively headbutt those who attack you in melee.


Message History

The orc priest looks braver for a moment.
The orc hits you with a +0 flail.
You are too injured to fight recklessly!
You closely miss the orc priest.
The orc priest hits you but does no damage.
You barely miss the orc priest. The orc hits you with a +0 flail!
* * * LOW HITPOINT WARNING * * *
You closely miss the orc priest.
The orc priest hits you but does no damage.
The orc barely misses you. You furiously retaliate!
You headbutt the orc!
You kill the orc!
Unknown command.
You slash the orc priest! You burn the orc priest.
You kill the orc priest!
Unknown command.
Items here: )) [[ †.
Things that are here:
a +0 club; an orc corpse You now have 360 gold pieces (gained 17).
A gargoyle comes into view. It is wielding a +0 flail.
A gargoyle is nearby!
A gargoyle is nearby!
A gargoyle is nearby!
Okay, then.
As you read the scroll labelled ZOBIES KAOFF, it crumbles to dust.
Your body is wracked with pain!
* * * LOW HITPOINT WARNING * * *
It was a scroll of torment.
As you read the scroll labelled ATOXKU TESMYGU, it crumbles to dust.
A profound silence engulfs you.
It was a scroll of silence.
The gargoyle barely misses you. You furiously retaliate!
You headbutt the gargoyle, but do no damage.
You barely miss the gargoyle. The gargoyle hits you with a +0 flail!!
* * * LOW HITPOINT WARNING * * *
You slash the gargoyle! You burn the gargoyle.
You punch the gargoyle, but do no damage.
The gargoyle is moderately damaged.
The gargoyle hurls a stone arrow at you.
The stone arrow hits you!!
You die...

#.#. ... #.#. #.# #'#
####.#. .......... ...
....... .......... ...
.####... .......#.# #.#
........ .......#.# #.#
. #......# .....#.#
#9#####.# .#.###.
#...#.####@.......
..#.....
#...#))(..........
#.......
#.....)...........
<.......
######.#.######.#######
########
#.................
#.####.#..#####.###
##+## #.##.#.....#
....# #.##.#.....#
....# #.##......[#


You could see a gargoyle (unsilenced).

Vanquished Creatures
  Pikel (D:6)
  Sigmund (D:5)
  A wyvern (D:6)
  Edmund (D:5)
  2 water moccasins (D:6)
  A black bear (D:6)
  2 necrophages
  An ogre (D:6)
  A centaur (D:6)
  A kobold brigand (D:5)
  A scorpion (D:7)
  A howler monkey (D:6)
  A centaur zombie (D:6)
  4 hounds
  3 orc priests
  A centaur skeleton (D:5)
  A jelly (D:4)
  Natasha (D:3)
  Ijyb (D:5)
  2 orc wizards
  3 iguanas
  A gnoll (D:1)
  3 adders
  A worm (D:2)
  2 dart slugs
  15 orcs
  10 ball pythons
  7 bats
  7 endoplasms
  4 giant cockroaches
  10 goblins
  7 hobgoblins
  4 jackals (D:3)
  2 quokkas
  5 frilled lizards
  9 kobolds
  6 rats
124 creatures vanquished.

Notes
Turn   | Place    | Note
-------+----------+-------------------------------------------
     0 | D:1      | pkoi the Minotaur Gladiator began the quest for the Orb.
     0 | D:1      | Reached XP level 1. HP: 18/18 MP: 0/0
   200 | D:1      | Reached skill level 4 in Long Blades
   200 | D:1      | Reached XP level 2. HP: 25/25 MP: 1/1
   444 | D:1      | Reached skill level 5 in Long Blades
   600 | D:1      | Reached XP level 3. HP: 24/30 MP: 2/2
  1653 | D:2      | Reached XP level 4. HP: 37/37 MP: 3/3
  1757 | D:2      | Reached skill level 6 in Long Blades
  2319 | D:3      | Found a faded altar of an unknown god.
  2493 | D:3      | Reached XP level 5. HP: 42/42 MP: 4/4
  2724 | D:4      | Reached skill level 7 in Long Blades
  3101 | D:4      | Found an ancient bone altar of Kikubaaqudgha.
  3226 | D:4      | Noticed Natasha
  3226 | D:4      | Noticed a necrophage
  3240 | D:3      | Killed Natasha
  3491 | D:4      | Killed a necrophage
  3492 | D:4      | Reached skill level 8 in Long Blades
  3492 | D:4      | Reached XP level 6. HP: 47/50 MP: 5/5
  3645 | D:5      | Entered Level 5 of the Dungeon
  3736 | D:5      | Noticed Sigmund
  3754 | D:5      | Killed Sigmund
  3755 | D:5      | Reached skill level 9 in Long Blades
  3924 | D:5      | Reached XP level 7. HP: 48/56 MP: 6/6
  4026 | D:5      | Found a white marble altar of Elyvilon.
  4111 | D:5      | Reached skill level 10 in Long Blades
  4308 | D:5      | Noticed Edmund
  4313 | D:5      | Killed Edmund
  4400 | D:5      | Noticed Ijyb
  4415 | D:5      | Killed Ijyb
  4416 | D:5      | Reached skill level 11 in Long Blades
  4736 | D:5      | You fall into a shaft and drop 2 floors!
  4804 | D:6      | Found a staircase to the Ecumenical Temple.
  4839 | D:6      | Found a hide-covered altar of Uskayaw.
  4888 | D:6      | Reached XP level 8. HP: 44/62 MP: 7/7
  4987 | D:6      | Reached skill level 12 in Long Blades
  5436 | D:6      | Reached skill level 13 in Long Blades
  5852 | D:6      | Noticed Pikel
  5903 | D:6      | Killed Pikel
  5904 | D:6      | Reached skill level 14 in Long Blades
  5904 | D:6      | Reached XP level 9. HP: 17/68 MP: 8/8
  6786 | D:7      | Noticed a gargoyle
  6792 | D:7      | Killed from afar by a gargoyle

Illustrated notes

Levels and vault maps discovered:
D:1:      dpeg_arrival_tiny_i, layout_basic
D:2:      layout_loops_corners, kennysheep_generic_room_9
D:3:      layout_loops_corners, dreamdust_ecumenical_altar_hidden_monk_grotto
D:4:      layout_basic, kiku_gazebo_pond_becter, uniq_natasha
D:5:      layout_gridville, nicolae_elyvilon_peaceful_grove, uniq_sigmund,
          uniq_ijyb, uniq_edmund
D:6:      layout_gridville, mainiacjoe_overflow_catwalk,
          minmay_temple_entry_steel_oval, uniq_pikel
D:7:      layout_basic, serial_shops, shop, kennysheep_crisscross

Skill      XL: |  1  2  3  4  5  6  7  8 |
---------------+-------------------------+-----
Long Blades    | 4 5 6 8 9 11 14 | 14.7
Fighting       | |  2.4
Throwing       | |  2.0
Dodging        | |  3.2

Action                   |  1- 3 |  4- 6 |  7- 9 || total
-------------------------+-------+-------+-------++-------
Melee: Long sword        |    83 |    88 |   140 ||   311
       Headbutt          |     7 |    14 |    27 ||    48
       Punch             |       |       |     2 ||     2
  Use: Scroll            |       |     7 |     2 ||     9
Armor: Leather armour    |     4 |       |       ||     4
       Chain mail        |    27 |    30 |       ||    57
       Plate armour      |       |    17 |    89 ||   106
Dodge: Dodged            |    49 |    37 |    42 ||   128
